 Dungeon Crawl Stone Soup version 0.24.0 (webtiles) character file.

Game seed: 10776222133061018879, levelgen mode: deterministic

760 Ayyar the Covert (level 7, -7/47 HPs)
             Began as an Octopode Assassin on Feb 2, 2020.
             Was an Initiate of Dithmenos.
             Killed by divine providence
             ... invoked by an orc priest
              (12 damage)
             ... on level 4 of the Dungeon.
             The game lasted 00:24:47 (5480 turns).

Ayyar the Covert (Octopode Assassin)                Turns: 5480, Time: 00:24:47

Health: -7/47      AC:  1    Str: 11    XL:     7   Next: 80%
Magic:  7/7        EV: 14    Int: 14    God:    Dithmenos [......]
Gold:   168        SH:  0    Dex: 14    Spells: 6/6 levels left

rFire    . . .     SeeInvis .   k - +2 short sword (holy)
rCold    . . .     Gourm    .   (no shield)
rNeg     . . .     Faith    .   (helmet restricted)
rPois    .         Spirit   .   (no amulet)
rElec    .         Reflect  .   j - ring of resist corrosion
rCorr    +         Harm     .   (no ring)
MR       .....                  (no ring)
Stlth    ++++++....             (no ring)
HPRegen  0.15/turn              (no ring)
MPRegen  0.10/turn              (no ring)
                                (no ring)
                                (no ring)

@: no status effects
A: almost no armour, stealthy swim, amphibious, 8 rings, constrict 8, camouflage
1, gelatinous body 1
a: Renounce Religion


You were on level 4 of the Dungeon.
You worshipped Dithmenos.
Dithmenos was noncommittal.
You were not hungry.

You visited 2 branches of the dungeon, and saw 5 of its levels.

You collected 168 gold pieces.

Inventory:

Hand Weapons
 a - a +2 dagger
 k - a +2 short sword of holy wrath (weapon)
Missiles
 b - 23 poisoned darts (quivered)
 c - a curare-tipped dart
 f - 5 boomerangs
 s - 3 silver javelins
Armour
 i - a +2 large shield
Jewellery
 j - a ring of resist corrosion (left tentacle)
 n - an uncursed ring of fire
Wands
 p - a wand of acid (10)
 x - a wand of flame (17)
Scrolls
 g - 2 scrolls of identify
 l - a scroll of teleportation {unknown}
 m - 3 scrolls of remove curse
 r - a scroll of noise {unknown}
Potions
 e - a potion of brilliance
 h - a potion of flight
 o - 2 potions of curing
 q - a potion of haste {unknown}
 t - a potion of agility {unknown}
 u - a potion of lignification {unknown}
 v - a potion of magic {unknown}
 w - a potion of heal wounds {unknown}
Comestibles
 d - 10 rations


   Skills:
 + Level 3.9 Fighting
 * Level 4.3 Short Blades
 + Level 3.9 Throwing
 + Level 3.4 Dodging
 + Level 8.1 Stealth


You had 6 spell levels left.
You didn't know any spells.
Your spell library was empty.

Dungeon Overview and Level Annotations

Branches:
Dungeon (4/15)             Temple (1/1) D:4

Altars:
Ashenzari
Dithmenos
Elyvilon
Fedhas
Gozag
Kikubaaqudgha
Makhleb
Nemelex Xobeh
Okawaru
Ru
Sif Muna
Trog
Uskayaw
Vehumet
Wu Jian
Xom
Yredelemnul
Zin
The Shining One

Annotations:
D:4 1 transporter


Innate Abilities, Weirdness & Mutations

You cannot wear most types of armour.
You are very stealthy in the water. (Stealth+)
You are amphibious.
You can wear up to eight rings at the same time.
You can use your tentacles to constrict eight enemies at once.
Your skin changes colour to match your surroundings (Stealth+).
Your rubbery body absorbs attacks. (AC +1, EV +1)


Message History

You hit the orc priest but do no damage.
You grab the orc priest. You squeeze the orc priest.
The orc priest is lightly wounded.
You constrict the orc priest, but do no damage.
The orc priest invokes the aid of Beogh against you.
Pain shoots through your body!
You hit the orc priest.
The orc priest is lightly wounded.
You constrict the orc priest, but do no damage.
The orc priest barely misses you.
You hit the orc priest but do no damage.
You squeeze the orc priest!
The orc priest is heavily wounded.
You constrict the orc priest. The shadow imp gestures at you.
Pain shoots through your body!
* * * LOW HITPOINT WARNING * * *
The orc priest calls down the wrath of Beogh upon you.
Beogh smites you!
You die...

#.#....##.# #...............# ##
#.#∩##.##.# #...#####.......# #
#.#.......####...#####.###...# #
#...###.##...........#.#####.####
....# #..............>....##.##..
....###......................##.#
)........###############........#
#..##.##.#8P#...(o55#P8#.....##.#
#..##.##.#P.#≈≈≈@≈≈≈#.P#.....##.#
......#.(#$.#..≈≈≈..#..#........#
#..##...©#©|+..≈⌠≈..'.©#©.......#
#..##....#$.#..≈≈≈..#..#..#####..
#......#.#P.#≈≈≈≈≈≈≈#.P#..# #.#
..###..#.#8≈#...5...#P8#..#####.#
#####..#.###############........#
.......#.....).........(.########
######.#.#..#.##.#.###..(...#


You could see an orc priest and 3 shadow imps.

Vanquished Creatures
  Sigmund (D:2)
  A scorpion (D:4)
  A howler monkey (D:4)
  A hound (D:4)
  A centaur skeleton (D:4)
  2 orc priests (D:4)
  2 worker ants (D:4)
  3 orc wizards
  7 gnolls (D:4)
  9 adders
  An ooze (D:2)
  6 worms
  A dart slug (D:3)
  2 leopard geckos (D:3)
  5 orcs
  2 ball pythons
  9 bats
  5 giant cockroaches
  8 goblins
  7 hobgoblins
  11 jackals
  5 kobolds
  3 quokkas
  6 frilled lizards
  9 rats
  A butterfly (D:4)
109 creatures vanquished.

Notes
Turn   | Place    | Note
-------+----------+-------------------------------------------
     0 | D:1      | Ayyar the Octopode Assassin began the quest for the Orb.
     0 | D:1      | Reached XP level 1. HP: 14/14 MP: 1/1
    53 | D:1      | Reached XP level 2. HP: 13/19 MP: 2/2
   829 | D:2      | Reached XP level 3. HP: 24/24 MP: 3/3
   890 | D:2      | Reached skill level 6 in Stealth
  1433 | D:2      | Reached XP level 4. HP: 29/30 MP: 4/4
  1854 | D:2      | Noticed Sigmund
  2121 | D:2      | Killed Sigmund
  2121 | D:2      | Reached skill level 7 in Stealth
  2121 | D:2      | Reached XP level 5. HP: 36/36 MP: 5/5
  2121 | D:2      | Reached XP level 6. HP: 42/42 MP: 6/6
  3444 | D:4      | Found a transporter.
  3527 | D:4      | Reached XP level 7. HP: 20/46 MP: 7/7
  3871 | D:4      | Reached skill level 8 in Stealth
  4142 | D:4      | Found a transporter.
  4221 | D:4      | Found an ornate altar of the Wu Jian Council.
  4615 | D:4      | Found a staircase to the Ecumenical Temple.
  4622 | Temple   | Entered the Ecumenical Temple
  4728 | Temple   | Became a worshipper of Dithmenos the Shadowed
  5413 | D:4      | Got an ancient ivory amulet
  5465 | D:4      | Identified the amulet "Reipnase" {Inacc rPois Int+2} (You
                  | found it on level 4 of the Dungeon)
  5480 | D:4      | Killed from afar by an orc priest

Levels and vault maps discovered:
D:1:      co_arrival_square_in_a_square_in_a_square, layout_basic,
          serial_corexii_hall, corexii_hall_statues_s, corexii_hall_statues_x,
          corexii_hall_statues_i, chequers_hall_statues_wall_a,
          minmay_pentomino_q2
D:2:      minmay_chambers_of_ones, layout_rooms, minivault_25, uniq_sigmund
D:3:      layout_rooms
D:4:      gammafunk_wand_slinger, layout_loops_cross, lemuel_doored_altar,
          minmay_temple_entry_butterflies, first_ration, abandoned_shop
Temple:   regret_index_temple_mists
